 Dungeon Crawl Stone Soup version 0.25-a0-73-g9796ba8d15 (webtiles) character file.

Game seed: 16301717678029275165, levelgen mode: deterministic

482 KingCrull the Cleaver (level 7, -2/59 HPs)
             Began as a Hill Orc Fighter on Nov 5, 2019.
             Slain by an ogre
             ... wielding a +0 giant club
              (17 damage)
             ... on level 5 of the Dungeon.
             The game lasted 00:07:21 (3218 turns).

KingCrull the Cleaver (Hill Orc Fighter)            Turns: 3218, Time: 00:07:21

Health: -2/59      AC: 10    Str: 19    XL:     7   Next: 12%
Magic:  7/7        EV:  5    Int: 10    God:
Gold:   279        SH:  9    Dex: 10    Spells: 6/6 levels left

rFire    . . .     SeeInvis .   a - +0 war axe
rCold    . . .     Gourm    .   c - +0 shield
rNeg     . . .     Faith    .   v - +0 chain mail
rPois    .         Spirit   .   l - +0 helmet
rElec    .         Reflect  .   p - scarf {repulsion}
rCorr    .         Harm     .   (no gloves)
MR       .....                  (no boots)
Stlth    ..........             (no amulet)
HPRegen  0.19/turn              (no ring)
MPRegen  0.10/turn              (no ring)

@: repel missiles
A: no striking features
a: no special abilities


You were on level 5 of the Dungeon.
You were not hungry.

You visited 1 branch of the dungeon, and saw 5 of its levels.

You collected 318 gold pieces.
You spent 39 gold pieces at shops.

Inventory:

Hand Weapons
 a - a +0 war axe (weapon)
Missiles
 q - 4 javelins (quivered)
Armour
 c - a +0 shield (worn)
 i - a +0 cloak
   (You found it on level 1 of the Dungeon)
 l - a +0 helmet (worn)
   (You found it on level 4 of the Dungeon)
 p - a scarf of repulsion (worn)
   (You found it on level 1 of the Dungeon)
 v - a +0 chain mail (worn)
   (You found it on level 3 of the Dungeon)
Wands
 d - a wand of iceblast (7)
   (You found it on level 4 of the Dungeon)
Scrolls
 g - 2 scrolls of teleportation {unknown}
 k - 5 scrolls of identify {@r1}
 m - a scroll of enchant armour {unknown}
 n - a scroll of random uselessness
 r - 2 scrolls of fog {unknown}
 u - a scroll of amnesia {unknown}
 w - a scroll of fear {unknown}
 x - 3 scrolls of remove curse {@r2}
Potions
 f - 3 potions of heal wounds {@q2}
 h - a potion of berserk rage {unknown}
 j - 3 potions of haste {unknown}
 o - 5 potions of curing {@q1}
 s - a potion of mutation {unknown}
 t - a potion of brilliance {unknown}
 y - a potion of might
Comestibles
 e - 4 rations {!d}


   Skills:
 + Level 4.3 Fighting
 * Level 8.8 Axes
 + Level 3.9 Armour
 + Level 3.9 Shields


You had 6 spell levels left.
You didn't know any spells.
Your spell library was empty.

Dungeon Overview and Level Annotations

Branches:
Dungeon (5/15)
 Temple: D:4-7

Altars:
Cheibriados
Gozag
Nemelex Xobeh
Wu Jian

Shops:
D:4 ?

Annotations:
D:3 Grinder


Message History

The leopard gecko completely misses you.
You closely miss the leopard gecko. The leopard gecko bites you. x2
You slash the leopard gecko!
You kill the leopard gecko!
No target in view!
No target in view!
You are feeling hungry.
You see here a leopard gecko corpse.
You butcher the leopard gecko corpse.
b - a chunk of flesh You see here a leopard gecko skeleton. x2
Eating a chunk of flesh.
You eat the chunk of flesh.
Found a ring mail.
A leopard gecko skeleton comes into view.
The leopard gecko skeleton barely misses you.
Found a stone staircase leading down.
You slash the leopard gecko skeleton!
You destroy the leopard gecko skeleton!
No target in view!
No target in view!
Found 8 arrows.
Found 2 bubbling black potions.
You see here 8 arrows.
j - 3 bubbling black potions (gained 2)
You see here a scimitar.
You see here 8 arrows.
You see here a robe.
Done exploring.
You see here a robe.
There is a stone staircase leading down here.
You climb downwards.
An ogre comes into view. It is wielding a +0 giant club.
The ogre shouts!
Found 10 gold pieces.
There is a stone staircase leading up here.
You slash the ogre! You block the ogre's attack.
Your shield and chain mail prevent you from hitting the ogre.
The ogre hits you with a +0 giant club.
You hit the ogre. You slash the ogre! The ogre hits you with a +0 giant club.
You completely miss the ogre. The ogre hits you with a +0 giant club!
You barely miss the ogre.
The ogre hits you with a +0 giant club!!
* * * LOW HITPOINT WARNING * * *
You are too injured to fight recklessly!
Your shield and chain mail prevent you from hitting the ogre.
The ogre hits you with a +0 giant club.
* * * LOW HITPOINT WARNING * * *
You hit the ogre. The ogre hits you with a +0 giant club!
You die...

########
......#
##...$.####
#..........
#..@...#
#.O....#
#..........
...#########
.### ## #


You could see an ogre.

Vanquished Creatures
  An ogre (D:4)
  A sky beast (D:2)
  A hound (D:4)
  A bullfrog skeleton (D:4)
  An orc wizard (D:4)
  Jessica (D:3)
  Natasha (D:3)
  2 worker ants (D:4)
  4 adders
  A worm (D:4)
  8 dart slugs
  3 leopard geckos
  An orc (D:3)
  A bat (D:3)
  3 giant cockroaches
  6 goblins
  2 hobgoblins (D:1)
  11 jackals
  6 kobolds
  2 quokkas
  A ball python (D:3)
  7 frilled lizards
  A leopard gecko skeleton (D:4)
  8 rats
74 creatures vanquished.

Notes
Turn   | Place    | Note
-------+----------+-------------------------------------------
     0 | D:1      | KingCrull the Hill Orc Fighter began the quest for the Orb.
     0 | D:1      | Reached XP level 1. HP: 19/19 MP: 1/1
    34 | D:1      | Reached skill level 3 in Axes
   290 | D:1      | Reached XP level 2. HP: 26/26 MP: 2/2
   419 | D:1      | Reached skill level 4 in Axes
   796 | D:1      | Reached XP level 3. HP: 27/31 MP: 3/3
  1316 | D:2      | Reached skill level 5 in Axes
  1388 | D:2      | Found an ornate altar of the Wu Jian Council.
  1399 | D:2      | Noticed a sky beast
  1405 | D:2      | Killed a sky beast
  1405 | D:2      | Reached skill level 6 in Axes
  1405 | D:2      | Reached XP level 4. HP: 28/39 MP: 4/4
  1405 | D:2      | Reached XP level 5. HP: 33/45 MP: 5/5
  1561 | D:2      | Found a snail-covered altar of Cheibriados.
  1669 | D:2      | Found a sparkling altar of Nemelex Xobeh.
  1670 | D:2      | Found an opulent altar of Gozag.
  1673 | D:2      | Reached skill level 7 in Axes
  1960 | D:3      | Noticed Natasha
  1966 | D:3      | Killed Natasha
  2062 | D:3      | Noticed Jessica
  2091 | D:3      | Killed Jessica
  2137 | D:3      | Noticed Grinder
  2221 | D:3      | Reached skill level 8 in Axes
  2275 | D:4      | Noticed an ogre
  2282 | D:4      | Killed an ogre
  2282 | D:4      | Reached XP level 6. HP: 32/52 MP: 6/6
  2702 | D:4      | Found Wivulo's Magic Scroll Boutique.
  2709 | D:4      | Reached XP level 7. HP: 59/59 MP: 7/7
  2721 | D:4      | Bought a scroll of remove curse for 39 gold pieces
  3210 | D:5      | Entered Level 5 of the Dungeon
  3218 | D:5      | Slain by an ogre

Levels and vault maps discovered:
D:1:      lightli_arrival_lavapool, layout_basic
D:2:      layout_loops_ring, grunt_temple_overflow_opulence,
          cheibriados_altar_1, lemuel_doored_altar, first_ration
D:3:      cheibrodos_helix_gallery, layout_loops_ring, st_stairs_10,
          corexii_shack, bh_walls_and_bars, uniq_terence, uniq_jessica,
          uniq_grinder, uniq_natasha
D:4:      minmay_inner_zag, layout_basic, serial_corexii_hall,
          chequers_hall_statues_wall_a, corexii_hall_statues_x, serial_shops,
          shop_coins
D:5:      lemuel_ice_spiral_2, layout_basic, kennysheep_mini, uniq_menkaure

Skill      XL: |  1  2  3  4  5  6 |
---------------+-------------------+-----
Axes           | 3 4 6 8 |  8.8
Fighting       | 4 |  4.3
Armour         | |  3.9
Shields        | |  3.9

Action                   |  1- 3 |  4- 6 |  7- 9 || total
-------------------------+-------+-------+-------++-------
Melee: War axe           |   105 |   113 |    30 ||   248
Throw: Javelin           |       |     3 |       ||     3
  Use: Scroll            |     1 |     2 |       ||     3
  Eat: Chunk             |     2 |     4 |     2 ||     8
Armor: Scale mail        |    54 |    16 |       ||    70
       Chain mail        |       |    23 |     9 ||    32
Dodge: Dodged            |    35 |    26 |     7 ||    68
       Deflected         |       |     2 |       ||     2
Block: Shield            |    48 |    48 |    10 ||   106

Table legend:
 A = Non-vault XP
 B = Vault XP
 C = Vault XP percentage of total XP
 D = Non-vault monster count
 E = Vault monster count
 F = Vault count percentage of total count
                 A         B        C        D         E       F
            +---------+---------+-------+---------+---------+-------
      Total |     535 |     154 |  22.4 |      67 |       7 |   9.5
            +---------+---------+-------+---------+---------+-------
        D:1 |      41 |       0 |   0.0 |      22 |       0 |   0.0
        D:2 |     158 |       0 |   0.0 |      14 |       0 |   0.0
        D:3 |      44 |      74 |  62.7 |      16 |       3 |  15.8
        D:4 |     292 |      80 |  21.5 |      15 |       4 |  21.1
            +---------+---------+-------+---------+---------+-------
